Map: New Gettysburg LE

Players

llllllllllll

  • Race: Zerg Zerg
  • League: Master

SortOf - Winner!

  • Race: Zerg Zerg
  • League: Master

VOD

Have the link to the VOD?

Description

Time

  • Played on: Oct. 26, 2016, 5:53 a.m.
  • Length: 7:44
Show
View Real Time Build Order
Export as new Build Order

llllllllllll Zerg 

Build Orders: Hatch First 

Get SALT Encoding   

  12  0:01  Drone  
  13  0:08  Drone  
  14  0:17  Extractor  
  14  0:18  Drone  
  15  0:23  Overlord  
  15  0:41  Drone  
  15  0:42  Drone  
  17  0:49  Drone  
  18  0:58  Unknown, Hatchery  
  18  1:00  Drone  
  18  1:04  Extractor  
  17  1:05  Drone  
  18  1:20  Spawning Pool  
  18  1:22  Drone  
  18  1:29  Drone  
  19  1:41  Overlord  
  19  2:07  Metabolic Boost, Queen  
  22  2:08  Zergling x4  
  22  2:09  Queen, Unknown  
  22  2:10  Drone  
  22  2:14  Drone  
  27  2:20  Drone  
  27  2:22  Drone  
  29  2:31  Drone  
  29  2:32  Drone  
  31  2:42  Drone  
  32  2:47  Roach Warren  
  31  2:57  Unknown, Hatchery  
  30  3:06  Drone x2  
  30  3:08  Overlord  
  30  3:11  Drone  
  30  3:12  Drone  
  34  3:25  Zergling x4  
  36  3:30  Zergling x8  
  36  3:31  Zergling x2  
  41  3:35  Drone  
  41  3:38  Drone  
  43  3:43  Drone  
  44  3:51  Overlord x2  
  44  3:57  Extractor  
  44  3:58  Drone  
  44  3:59  Evolution Chamber  
  42  4:08  Unknown  
  41  4:14  Drone  
  41  4:15  Drone x3  
  45  4:20  Roach x4  
  45  4:22  Queen  
  45  4:23  Roach  
  45  4:24  Roach  
  59  4:33  Overlord  
  59  4:45  Overlord  
  59  4:50  Roach x3  
  59  4:51  Drone  
  59  4:52  Drone x4  
  70  4:56  Lair  
  69  5:01  Drone x2  
  69  5:05  Drone x3  
  74  5:11  Zerg Missile Weapons Level 1  
  74  5:16  Extractor x2, Drone x3  
  74  5:18  Drone  
  74  5:20  Drone  
  74  5:21  Drone  
  78  5:27  Overlord  
  78  5:29  Overlord  
  78  5:34  Drone x4  
  82  5:42  Overlord x3  
  81  5:47  Roach x2  
  85  5:50  Roach  
  85  5:51  Roach  
  85  5:53  Overseer  
  85  5:54  Glial Reconstitution  
  89  5:57  Roach  
  89  6:03  Roach x3  
  97  6:05  Roach  
  97  6:06  Zergling x2  
  104  6:11  Roach x2, Zergling x2  
  104  6:14  Roach  
  107  6:19  Overlord  
  107  6:20  Overlord  
  107  6:37  Roach x2, Zergling x2  
  91  6:42  Zergling x8  
  91  6:43  Zergling x8  
  91  6:46  Roach  
  99  6:53  Roach  
  81  7:00  Roach  
  69  7:03  Roach  
  69  7:13  Roach  
  57  7:17  Roach x2  
  46  7:23  Roach x4  
  46  7:24  Roach x2  
Show
View Real Time Build Order
Export as new Build Order

SortOf Zerg - Winner!

Build Orders: Hatch First 

Get SALT Encoding   

  12  0:02  Drone  
  13  0:13  Overlord  
  13  0:18  Drone  
  14  0:31  Drone  
  14  0:32  Drone  
  16  0:36  Drone  
  17  0:53  Unknown, Hatchery  
  17  0:56  Drone  
  17  1:00  Drone  
  18  1:12  Extractor  
  18  1:14  Spawning Pool  
  18  1:17  Drone  
  17  1:21  Drone  
  18  1:29  Drone  
  19  1:39  Overlord  
  19  1:50  Drone  
  20  2:02  Queen  
  20  2:03  Zergling x2  
  20  2:04  Queen, Unknown  
  20  2:05  Drone  
  26  2:12  Drone  
  27  2:15  Metabolic Boost  
  27  2:19  Drone  
  28  2:23  Drone  
  28  2:27  Drone  
  30  2:34  Drone  
  31  2:40  Unknown, Hatchery  
  31  2:42  Drone  
  31  2:51  Baneling Nest  
  30  2:52  Zergling x2  
  30  2:53  Zergling x2  
  32  3:01  Overlord  
  32  3:03  Drone  
  33  3:06  Drone  
  33  3:11  Drone x2  
  36  3:14  Overlord  
  36  3:21  Zergling x4  
  36  3:22  Drone x2  
  36  3:25  Drone  
  41  3:31  Queen  
  43  3:34  Baneling x2  
  43  3:38  Drone x2  
  45  3:42  Overlord  
  45  3:46  Drone x2  
  47  3:52  Unknown  
  47  3:53  Zergling x8  
  51  3:59  Extractor  
  51  4:01  Evolution Chamber  
  48  4:07  Roach Warren  
  46  4:10  Overlord  
  46  4:13  Baneling  
  46  4:14  Overlord  
  46  4:16  Drone x3  
  49  4:19  Drone x2  
  49  4:22  Drone  
  49  4:23  Drone  
  53  4:25  Drone  
  54  4:33  Zerg Ground Armor Level 1, Drone  
  55  4:39  Drone x2  
  55  4:41  Extractor  
  55  4:45  Drone x2  
  58  4:46  Overlord  
  58  4:53  Roach x4  
  58  4:57  Overlord  
  58  4:59  Overlord  
  65  5:12  Overlord  
  65  5:13  Roach x5  
  75  5:18  Overlord  
  75  5:22  Zergling x6  
  75  5:26  Zergling x2  
  75  5:27  Zergling x6  
  82  5:42  Zergling x8  
  86  5:44  Ravager x4  
  86  5:45  Ravager  
  91  5:52  Zergling x16  
  91  5:53  Zergling x2  
  100  5:58  Zergling x8  
  100  6:02  Ravager  
  100  6:03  Ravager  
  106  6:07  Zergling x4  
  106  6:08  Baneling  
  108  6:13  Baneling  
  108  6:14  Baneling  
  108  6:15  Zergling x2  
  108  6:17  Zergling x2  
  108  6:18  Zergling x8  
  114  6:25  Zergling x12  
  119  6:36  Zergling x4  
  106  6:42  Zergling x8  
  104  6:48  Zergling x14  
  104  6:53  Zergling x2  
  103  6:55  Zergling x8  
  106  7:02  Roach x2  
  106  7:04  Ravager  
  106  7:05  Ravager  
  109  7:11  Zergling x4  
  103  7:19  Zergling x10  
Tags
 
Add a new tag
Caveats
  • Supply blocks, unpowered buildings, or Contaminate may cause inaccurate times.
  • Supply counts are checked every 10 seconds.